 Dungeon Crawl Stone Soup version 0.17-a0-1093-g0b3cd89 (webtiles) character file.

187 Hanyuu the Insei (level 5, 0/33 HPs)
             Began as an Octopode Transmuter on May 20, 2015.
             Was a Follower of Makhleb.
             Slain by a gnoll
             ... wielding a +0 flail of protection
              (12 damage)
             ... on level 3 of the Dungeon.
             The game lasted 00:08:41 (3103 turns).

Hanyuu the Insei (Octopode Transmuter)              Turns: 3103, Time: 00:08:42

Health: 0/33       AC:  1    Str:  7    XL:     5   Next: 66%
Magic:  8/8        EV: 12    Int: 16    God:    Makhleb [*.....]
Gold:   71         SH:  0    Dex: 12    Spells: 3 memorised, 2 levels left

rFire  . . .     SeeInvis +     m - +3 spear (freeze)
rCold  . . .     Clarity  .     (no shield)
rNeg   . . .     SustAb   .     (helmet restricted)
rPois  .         Gourm    .     (no amulet)
rElec  .         Spirit   .     n - ring of loudness (curse)
rCorr  .         Warding  .     w - -3 ring of strength (curse)
rMut   .         Stasis   .     y - ring of see invisible
MR     .....                    (no ring)
Stlth  +.........               (no ring)
                                (no ring)
                                (no ring)
                                (no ring)

@: not resistant to hostile enchantments, very unstealthy
A: almost no armour, amphibious, 8 rings, constrict 8, camouflage 1, gelatinous
body 1
a: Renounce Religion


You were on level 3 of the Dungeon.
You worshipped Makhleb.
Makhleb was aware of your devotion.
You were not hungry.

You visited 1 branch of the dungeon, and saw 3 of its levels.

You collected 71 gold pieces.

Inventory:

Hand weapons
 m - a +3 spear of freezing (weapon)
 p - a cursed -1 hunting sling
Missiles
 a - 12 arrows
 g - 12 poisoned needles
 l - 14 exploding sling bullets
 s - 3 tomahawks of returning (quivered)
Jewellery
 n - a cursed ring of loudness (left tentacle)
 w - a cursed -3 ring of strength (right tentacle)
 y - a ring of see invisible (on tentacle)
Scrolls
 d - a scroll of teleportation
Potions
 e - 3 potions of flight
 f - a potion of heal wounds {unknown}
 h - 2 potions of cure mutation {unknown}
 v - a potion of magic {unknown}
Books
 b - a book of Changes

   Spells                             Type                      Level
   a - Beastly Appendage              Transmutation                1
   b - Sticks to Snakes               Transmutation                2
   c - Spider Form                    Transmutation/Poison         3
   d - Ice Form                       Ice/Transmutation            4
   e - Blade Hands                    Transmutation                5
 j - a book of Burglary

   Spells                             Type                      Level
   a - Swiftness                      Charms/Air                   2
   b - Passwall                       Transmutation/Earth          3
   c - Passage of Golubria            Translocation                4
   d - Lee's Rapid Deconstruction     Earth                        5
   e - Invisibility                   Hexes                        6
   f - Darkness                       Hexes                        7
Comestibles
 c - 5 bread rations
 i - 3 chunks of flesh
 k - 2 slices of pizza
 o - a beef jerky
 r - 3 meat rations


   Skills:
 + Level 1.3 Fighting
 - Level 2.0 Dodging
 + Level 5.5 Unarmed Combat
 - Level 2.0 Spellcasting
 - Level 3.1 Transmutations


You had 2 spell levels left.
You knew the following spells:

 Your Spells              Type           Power        Failure   Level  Hunger
a - Beastly Appendage     Trmt           ##....       8%          1    #......
b - Sticks to Snakes      Trmt           ##........   10%         2    ###....
c - Spider Form           Trmt/Pois      #.........   34%         3    ###....


Dungeon Overview and Level Annotations

Branches:
Dungeon (3/15)

Altars:
Makhleb
Xom


Innate Abilities, Weirdness & Mutations

You cannot wear most types of armour.
You are amphibious.
You can wear up to eight rings at the same time.
You can use your tentacles to constrict eight enemies at once.
Your skin changes colour to match your surroundings (Stealth).
Your rubbery body absorbs attacks (AC +1).


Message History

a stone; 26 arrows You see here 7 stones.
Attack whom?
Press: ? - help, Dir - move target cursor, f - gnoll
Aim: a gnoll, wielding a flail of protection You reach to attack!
You barely miss the gnoll.
You see here 7 stones.
You barely miss the gnoll. You grab the gnoll.
You constrict the gnoll, but do no damage.
The gnoll hits you with a flail of protection.
You hit the gnoll. You freeze the gnoll.
You squeeze the gnoll, but do no damage.
The gnoll is lightly wounded.
You constrict the gnoll, but do no damage.
The gnoll hits you but does no damage.
You hit the gnoll but do no damage.
The gnoll is lightly wounded.
You constrict the gnoll.
The gnoll hits you with a flail of protection!
You die...

........###.##.# #.
.)......# #..#.##########
#.
........####)#.##.......#
#.
.........).....##.......#
#.
###########.#..##...)...#
#. ........#
#.#..##..()...# #.
#######.# #.#..##.(.)...#
#. #.# #.#..##.......# #.
#.# #.##>.@g......'...
#.# #. ############...
#.# ... #.# .. #.#
#######.# ........#
######### ### #<#


You could see a gnoll.

Vanquished Creatures
  The ghost of HEYYEYAAE the Ducker, an average OpFi (D:3)
  3 adders
  An ooze (D:2)
  2 worms
  7 orcs (D:3)
  10 bats
  3 giant cockroaches
  5 hobgoblins
  8 jackals
  4 kobolds
  A ball python (D:3)
  2 giant geckos
  3 giant newts
  7 goblins
  A quokka (D:2)
  5 rats (D:1)
63 creatures vanquished.

Notes
Turn   | Place    | Note
--------------------------------------------------------------
     0 | D:1      | Hanyuu the Octopode Transmuter began the quest for the Orb.
     0 | D:1      | Reached XP level 1. HP: 13/13 MP: 3/3
   283 | D:1      | Reached XP level 2. HP: 8/18 MP: 5/5
  1011 | D:2      | Reached skill level 4 in Unarmed Combat
  1011 | D:2      | Reached XP level 3. HP: 15/23 MP: 6/6
  1015 | D:2      | Learned a level 2 spell: Sticks to Snakes
  1019 | D:2      | Learned a level 3 spell: Spider Form
  1600 | D:2      | Reached XP level 4. HP: 28/28 MP: 7/7
  1859 | D:2      | Found a shimmering altar of Xom.
  1860 | D:2      | Found a burning altar of Makhleb.
  1865 | D:2      | Became a worshipper of Makhleb the Destroyer
  2092 | D:3      | Reached skill level 5 in Unarmed Combat
  2716 | D:3      | Noticed HEYYEYAAE's ghost (average OpFi)
  2726 | D:3      | Killed HEYYEYAAE's ghost
  2726 | D:3      | Reached XP level 5. HP: 24/33 MP: 4/8
  3014 | D:3      | Acquired Makhleb's first power
  3103 | D:3      | Slain by a gnoll

Vault maps used:
D:1:      erik_arrival_triangle_small
D:2:      gammafunk_temple_overflow_statue, first_bread

Action                   |  1- 3 |  4- 6 || total
-------------------------+-------+-------++-------
Melee: Unarmed           |    18 |    13 ||    31
       Spear             |    56 |    73 ||   129
 Cast: Spider Form       |       |     2 ||     2
       Beastly Appendage |       |     1 ||     1
 Abil: End Transformatio |       |     1 ||     1
  Use: Scroll            |       |     6 ||     6
 Stab: Sleeping          |     1 |     1 ||     2
       Distracted        |     1 |       ||     1
  Eat: Chunk             |     2 |     5 ||     7
